 Seeded DCSS version 0.26-a0-1139-g7d2dc89 (webtiles) character file.

Game seed: 7608654473932092102 (custom seed)

11246 Illumine the Grappler (level 11, -3/105 HPs)
             Began as a Troll Arcane Marksman on Dec 21, 2020.
             Was an Elder of Cheibriados.
             Slain by a blink frog (5 damage)
             ... on level 3 of the Lair of Beasts.
             The game lasted 00:23:53 (9655 turns).

Illumine the Grappler (Troll Arcane Marksman)       Turns: 9655, Time: 00:23:54

Health: -3/105     AC: 12    Str: 33    XL:     11   Next: 46%
Magic:  13/13      EV: 14    Int: 19    God:    Cheibriados [****..]
Gold:   576        SH:  0    Dex: 20    Spells: 11/12 levels left

rFire    . . .     SeeInvis .     - Unarmed
rCold    . . .     Faith    +   (no shield)
rNeg     . . .     Spirit   .   a - +1 robe
rPois    .         Reflect  .   (helmet restricted)
rElec    .         Harm     .   s - +0 cloak
rCorr    .         Rampage  .   (gloves unavailable)
Will     .....                  (boots unavailable)
Stlth    ++........             o - amulet of faith
HPRegen  0.67/turn              D - +4 ring of protection
MPRegen  0.13/turn              (no ring)

@: mighty, marked, very slow
A: large, unfitting armour, claws 3, regeneration 1, shaggy fur 1, tough skin 3
a: Renounce Religion, Bend Time, Temporal Distortion, Slouch


You were on level 3 of the Lair of Beasts.
You worshipped Cheibriados.
Cheibriados was greatly pleased with you.
You visited 3 branches of the dungeon, and saw 14 of its levels.

You collected 576 gold pieces.

Inventory:

Missiles
 b - 325 stones
 d - 3 throwing nets
 f - 10 boomerangs (quivered)
 I - 4 large rocks
 J - 7 javelins
Armour
 a - a +1 robe (worn)
 s - a +0 cloak (worn)
Jewellery
 e - an uncursed amulet of regeneration
 o - an amulet of faith (around neck)
 q - an uncursed amulet of guardian spirit {unknown}
 r - an uncursed ring of fire
 D - a +4 ring of protection (left claw)
 F - an uncursed amulet of guardian spirit {unknown}
 K - a cursed ring of attention {unknown}
Wands
 c - a wand of enslavement (9)
 w - a wand of paralysis (3)
Scrolls
 l - 4 scrolls of teleportation
 m - 7 scrolls of remove curse
 p - 2 scrolls of enchant weapon
 y - a scroll of magic mapping {unknown}
 z - 3 scrolls of blinking
 A - 2 scrolls of fear
 B - a scroll of identify
 G - a scroll of noise {unknown}
 H - 3 scrolls of amnesia {unknown}
Potions
 h - 2 potions of attraction {unknown}
 i - a potion of might
 j - 14 potions of ambrosia
 k - 2 potions of resistance {unknown}
 t - a potion of invisibility {unknown}
 u - 2 potions of mutation {unknown}
 v - 2 potions of berserk rage
 C - a potion of flight {unknown}
 E - a potion of brilliance {unknown}


   Skills:
 + Level 6.0 Fighting
 + Level 7.9 Throwing
 + Level 6.2 Dodging
 * Level 11.3 Unarmed Combat
 - Level 1.0 Spellcasting
 - Level 2.0 Hexes
 + Level 5.1 Invocations


You had 11 spell levels left.
You knew the following spells:

 Your Spells              Type           Power        Failure   Level
a - Corona                Hex            8%           9%          1

Your spell library contained the following spells:

 Spells                   Type           Power        Failure   Level
 Slow                     Hex            8%           12%         2
 Beastly Appendage        Tmut           0%           19%         1
 Wereblood                Tmut           0%           28%         2
 Inner Flame              Hex/Fire       4%           36%         3
 Portal Projectile        Hex/Tloc       8%           36%         3
 Cause Fear               Hex            4%           63%         4
 Leda's Liquefaction      Hex/Erth       2%           77%         4
 Blade Hands              Tmut           0%           99%         5
 Hydra Form               Tmut           0%           100%        6
 Statue Form              Tmut/Erth      0%           100%        6


Dungeon Overview and Level Annotations

Branches:
Dungeon (10/15)            Temple (1/1) D:7            Lair (3/6) D:10
  Swamp: Lair:2-4    Shoals: Lair:2-4     Snake: Lair:2-4    Spider: Lair:2-4
    Orc: D:9-12

Altars:
Ashenzari
Cheibriados
Dithmenos
Elyvilon
Fedhas
Gozag
Hepliaklqana
Kikubaaqudgha
Makhleb
Nemelex Xobeh
Okawaru
Qazlal
Ru
Sif Muna
Trog
Uskayaw
Vehumet
Wu Jian
Xom
Yredelemnul
Zin
The Shining One

Portals:
Abyss: D:8

Annotations:
D:8 2 transporters, Violenta's ghost, novice DDBe


Innate Abilities, Weirdness & Mutations

You are too large for most types of armour.
You have claws for hands.
Your natural rate of healing is unusually fast.
You are covered in fur. (AC +1)
You have extremely tough skin. (AC +3)


Message History

A komodo dragon comes into view.
Okay, then.
You eviscerate the blink frog!!!
You kill the blink frog!
Cheibriados appreciates the change of pace.
The blink frog barely misses you.
The blink frog blinks!
You barely miss the blink frog. Your claw misses the blink frog.
The blink frog hits you.
* * * LOW HITPOINT WARNING * * *
The black bear bites you but does no damage.
The black bear barely misses you. The black bear misses you.
Unknown command.
You eviscerate the black bear!!!
You kill the black bear!
Cheibriados appreciates the change of pace.
A water moccasin comes into view.
The wyvern bites you!!
* * * LOW HITPOINT WARNING * * *
The blink frog hits you.
You die...

#..(................#...+.......#
..........#..†.....†+...#.......#
#.........##l.........# #........
..>.....(.##........### #.......#
#..+.#######..†..†..# #...[....
##..## ###....### ..... #.#
#..)## +# ##l.# #.F@# . #.†##
..>#####F.# ## ........†##..#P
...#.#....FF.... #lF†..P.#..#
....S#....§..# #+.###......F.# ..
#.._..P..#


You could see a komodo dragon, a basilisk, 2 blink frogs, a water moccasin, a
wyvern and a bullfrog.

Vanquished Creatures
  Harold (Lair:2)
  Urug (D:10)
  A wizard (D:10)
  3 black mambas
  2 cane toads
  A rime drake (Lair:3)
  2 komodo dragons
  2 trolls
  A queen bee (Lair:3)
  A blink frog (Lair:3)
  A wyvern (Lair:3)
  A basilisk (Lair:2)
  5 large abominations (D:10)
  4 water moccasins
  7 small abominations (D:10)
  A sky beast (D:6)
  4 orc warriors
  4 black bears
  An ogre (D:10)
  A phantom (D:6)
  2 centaurs (D:9)
  2 big kobolds
  7 bullfrogs
  3 scorpions
  31 killer bees
  2 howler monkeys (D:9)
  5 hounds
  10 orc priests
  2 bullfrog skeletons
  7 orc wizards
  2 iguanas
  Ijyb (D:4)
  2 worker ants
  A hound skeleton (D:4)
  12 gnolls
  10 adders
  A shadow imp (D:5)
  A white imp (D:5)
  2 ufetubi
  2 adder zombies (D:6)
  4 oozes
  2 adder skeletons
  2 worms
  2 dart slugs
  7 leopard geckos
  38 orcs
  4 ball pythons
  7 bats
  6 giant cockroaches
  4 goblins
  7 hobgoblins
  9 jackals
  3 quokkas
  5 frilled lizards
  A jackal skeleton (D:5)
  14 kobolds
  7 rats
271 creatures vanquished.

Vanquished Creatures (others)
  8 fungi (Lair:3)
  7 plants
15 creatures vanquished.

Grand Total: 286 creatures vanquished

Notes
Turn   | Place    | Note
-------+----------+-------------------------------------------
     0 | D:1      | Illumine the Troll Arcane Marksman began the quest for the
                  | Orb.
     0 | D:1      | Reached XP level 1. HP: 18/18 MP: 1/1
   127 | D:1      | Reached skill level 1 in Unarmed Combat
   129 | D:1      | Reached XP level 2. HP: 26/26 MP: 2/2
   799 | D:2      | Reached XP level 3. HP: 32/32 MP: 3/3
   899 | D:2      | Reached skill level 2 in Unarmed Combat
  1011 | D:2      | Reached XP level 4. HP: 32/40 MP: 4/4
  1051 | D:2      | Found a shadowy altar of Dithmenos.
  1123 | D:2      | Found a white marble altar of Elyvilon.
  1489 | D:3      | Reached skill level 3 in Unarmed Combat
  1494 | D:3      | Found a hazy altar of Hepliaklqana.
  1495 | D:3      | Found a glowing golden altar of the Shining One.
  1550 | D:3      | Found a stormy altar of Qazlal.
  1673 | D:3      | Reached XP level 5. HP: 37/46 MP: 5/5
  1909 | D:3      | Reached skill level 4 in Unarmed Combat
  2063 | D:3      | Reached XP level 6. HP: 44/54 MP: 6/6
  2460 | D:4      | Reached skill level 5 in Unarmed Combat
  2492 | D:4      | Noticed Ijyb
  2499 | D:4      | Killed Ijyb
  2670 | D:4      | Reached skill level 1 in Fighting
  2766 | D:4      | Reached XP level 7. HP: 62/62 MP: 7/7
  2922 | D:5      | Entered Level 5 of the Dungeon
  3303 | D:5      | Found a shimmering blue altar of Sif Muna.
  3882 | D:6      | Reached skill level 6 in Unarmed Combat
  4004 | D:6      | Reached skill level 5 in Throwing
  4004 | D:6      | Reached XP level 8. HP: 69/72 MP: 8/8
  4023 | D:7      | Found a sacrificial altar of Ru.
  4232 | D:6      | Reached skill level 7 in Unarmed Combat
  4702 | D:7      | Found an ornate altar of the Wu Jian Council.
  4746 | D:7      | Found a burning altar of Makhleb.
  4757 | D:7      | Found an iron altar of Okawaru.
  5110 | D:7      | Found a blossoming altar of Fedhas.
  5199 | D:7      | Found a staircase to the Ecumenical Temple.
  5208 | Temple   | Entered the Ecumenical Temple
  5288 | Temple   | Became a worshipper of Cheibriados the Contemplative
  5563 | D:7      | Reached skill level 8 in Unarmed Combat
  5563 | D:7      | Reached XP level 9. HP: 27/83 MP: 9/9
  5800 | D:8      | Identified the Almanac of Dusty Transmigration
  5815 | D:8      | Got a warped quarterstaff
  5816 | D:8      | Identified the cursed +0 quarterstaff of the Unspeakable
                  | One {elec, rPois Int+5 Stlth+} (You found it on level 8 of
                  | the Dungeon)
  6109 | D:8      | Found a one-way gate to the infinite horrors of the Abyss.
  6109 | D:8      | Noticed Violenta's ghost (novice DDBe)
  6117 | D:8      | Noticed a red ugly thing
  6122 | D:8      | Found a transporter.
  6209 | D:8      | Found a transporter.
  6215 | D:8      | Identified the +7 short sword of the Scavenger {distort,
                  | +Blink Str+4 Dex+2}
  6380 | D:9      | Reached skill level 1 in Invocations
  6474 | D:9      | Noticed a troll
  6480 | D:9      | Killed a troll
  6778 | D:9      | Reached * piety under Cheibriados
  6807 | D:9      | Noticed a +0 hand axe
  6807 | D:9      | Noticed a +0 hand axe
  6947 | D:9      | Found a hide-covered altar of Uskayaw.
  7299 | D:10     | Entered Level 10 of the Dungeon
  7322 | D:10     | Reached skill level 9 in Unarmed Combat
  7412 | D:10     | Noticed a wizard
  7419 | D:10     | Killed a wizard
  7514 | D:10     | Noticed a large abomination
  7523 | D:10     | Reached ** piety under Cheibriados
  7529 | D:10     | Reached XP level 10. HP: 59/94 MP: 11/11
  7655 | D:10     | Found a staircase to the Lair.
  7877 | D:10     | Noticed Urug
  7885 | D:10     | Killed Urug
  7886 | D:10     | Reached skill level 5 in Dodging
  7991 | D:10     | Reached skill level 10 in Unarmed Combat
  8003 | D:10     | Reached skill level 5 in Fighting
  8139 | D:10     | Killed a large abomination
  8468 | Lair:1   | Entered Level 1 of the Lair of Beasts
  8485 | Lair:1   | Noticed a cane toad
  8494 | Lair:1   | Killed a cane toad
  8496 | Lair:1   | Noticed a black mamba
  8522 | Lair:1   | Killed a black mamba
  8553 | Lair:2   | Reached *** piety under Cheibriados
  8584 | Lair:2   | Noticed Harold
  8591 | Lair:2   | Killed Harold
  8592 | Lair:2   | Reached XP level 11. HP: 98/104 MP: 13/13
  9289 | Lair:3   | Reached skill level 11 in Unarmed Combat
  9366 | Lair:3   | Reached **** piety under Cheibriados
  9632 | Lair:3   | Found a radiant altar of Vehumet.
  9642 | Lair:3   | Reached skill level 5 in Invocations
  9655 | Lair:3   | HP: 2/105 [wyvern (18)]
  9655 | Lair:3   | Slain by a blink frog

Illustrated notes

Levels and vault maps discovered:
D:1:      dpeg_arrival_leaves_temple_mockup, layout_basic,
          wander_ebering_terrifying_dragon_lair
D:2:      layout_rooms, general_overflow_altar, st_stairs_7,
          grunt_dithmenos_smoke_and_mirrors
D:3:      layout_loops_ring, chequers_temple_overflow_statue_of_worship,
          grunt_qazlal_clouds
D:4:      layout_basic, uniq_ijyb
D:5:      layout_gridville, lemuel_round_altar
D:6:      layout_cave_pools
D:7:      lemuel_ice_spiral_2, layout_basic, nicolae_overflow_crystal_walls,
          overflow_temple_1_default, fedhas_altar_1, minitemple, temple_hall,
          kennysheep_generic_room_4
D:8:      layout_cave_pods, gammafunk_ghost_abyssal_escape,
          minmay_tree_intersection
D:9:      layout_loops_corners, dancing_weapons_uskayaw, serial_rivers,
          chequers_serial_rivers_micro_a, chequers_serial_rivers_room_a,
          chequers_serial_rivers_small_b, chequers_serial_rivers_large_b,
          chequers_serial_rivers_room_b
D:10:     layout_small_grid, lair_entry_dummy, serial_park_tiny_2,
          hangedman_decor_growths, kennysheep_nub, laboratory, uniq_urug
Temple:   nicolae_temple_hex_pool
Lair:1:   layout_small_grid, st_stairs_10, ldierk_geyser,
          infiniplex_staircase_pool
Lair:2:   beast_lair_carwin_large_4, layout_gridlike,
          nicolae_spider_entry_orb_guardian, grunt_forest_large_clearing_hut,
          grunt_megastairs_5, uniq_harold, uniq_gastronok
Lair:3:   layout_roguey [special_room_bee], basic_altar

Skill      XL: |  1  2  3  4  5  6  7  8  9 10 11 |
---------------+----------------------------------+-----
Throwing       | 2 3 4 5 6 7 |  7.9
Unarmed Combat | 1 2 3 4 5 6 8 9 10 11 | 11.3
Fighting       | 1 2 3 4 5 6 |  6.0
Dodging        | 2 3 4 5 6 |  6.2
Invocations    | 2 4 5 |  5.1
Spellcasting   | |  1.0
Hexes          | |  2.0

Action                   |  1- 3 |  4- 6 |  7- 9 | 10-12 || total
-------------------------+-------+-------+-------+-------++-------
Melee: Unarmed           |    81 |   243 |   283 |   203 ||   810
       Punch             |     1 |     6 |    10 |    12 ||    29
Throw: Boomerang         |    25 |    31 |   110 |    88 ||   254
       Large rock        |       |     1 |     5 |     7 ||    13
       Stone             |       |       |       |     1 ||     1
Invok: Bend Time         |       |       |     1 |     2 ||     3
Evoke: Wand              |       |       |     6 |     4 ||    10
  Use: Scroll            |       |       |    14 |       ||    14
       Potion            |       |       |     2 |    13 ||    15
 Stab: Sleeping          |       |       |     1 |       ||     1
Armor: Robe              |    39 |    78 |   173 |   112 ||   402
       Skin              |       |       |       |    47 ||    47
Dodge: Dodged            |    53 |   112 |   215 |   264 ||   644

Table legend: (Time is in decaauts)
 A = Elapsed time spent in this place.
 B = Non-inter-level travel time spent in this place.
 C = Inter-level travel time spent in this place.
 D = Time resting spent in this place.
 E = Time spent auto-exploring this place.
 F = Levels seen in this place.
 G = Mean time per level.
                   A        B        C        D        E       F      G
               +--------+--------+--------+--------+--------+-----+--------+
         Total |  10660 |  10409 |    251 |   1637 |   6357 |  14 |  761.4 |
       Dungeon |   9194 |   8943 |    251 |   1109 |   5908 |  10 |  919.4 |
        Temple |     84 |     84 |      0 |      0 |     76 |   1 |   84.0 |
          Lair |   1381 |   1381 |      0 |    527 |    372 |   3 |  460.3 |
               +--------+--------+--------+--------+--------+-----+--------+

Top non-repeatable levels by time:
    D:10: 1459 daAuts
     D:9: 1242 daAuts
  Lair:3: 1098 daAuts
     D:7: 1006 daAuts
     D:8: 909 daAuts
     D:5: 854 daAuts
     D:6: 811 daAuts
     D:1: 796 daAuts
     D:3: 725 daAuts
     D:4: 713 daAuts
     D:2: 674 daAuts
  Lair:2: 202 daAuts
  Temple: 84 daAuts
  Lair:1: 80 daAuts
